 Dungeon Crawl Stone Soup version 0.21-a0-150-gc243083 (webtiles) character file.

51 Duffy the Skirmisher (level 3, -1/51 HPs)
             Began as a Deep Dwarf Wanderer on July 29, 2017.
             Succumbed to Sigmund's poison
             ... on level 2 of the Dungeon.
             The game lasted 00:01:24 (769 turns).

Duffy the Skirmisher (Deep Dwarf Wanderer)           Turns: 769, Time: 00:01:24

Health: -1/51      AC: 21    Str: 14    XL:     3   Next: 58%
Magic:  5/5        EV:  2    Int: 11    God:
Gold:   29         SH:  0    Dex: 15    Spells: 2/2 levels left

rFire    . . .     SeeInvis .   a - +2 quarterstaff
rCold    . . .     Gourm    .   (shield currently unavailable)
rNeg     + + +     Faith    .   (armour currently unavailable)
rPois    +         Spirit   .   (helmet currently unavailable)
rElec    .         Reflect  .   (cloak currently unavailable)
rCorr    .         Harm     .   (gloves currently unavailable)
MR       .....     NoTele   +   (boots currently unavailable)
Stlth    ++........             (no amulet)
HPRegen  0.00/turn              (no ring)
MPRegen  0.09/turn              (no ring)

@: lethally poisoned (-1 -> -16), tree-form (expiring), non-regenerating
A: damage resistance, heal wounds, sense surroundings 1, no regeneration
a: Heal Wounds


You were on level 2 of the Dungeon.
You were not hungry.
You were a tree.
You visited 1 branch of the dungeon, and saw 2 of its levels.

You collected 29 gold pieces.

Inventory:

Hand Weapons
 a - a +2 quarterstaff (weapon)
Armour
 b - a +0 ring mail (melded)
 k - a +0 scale mail
Scrolls
 c - a scroll of teleportation
 e - a scroll of identify {unknown}
 g - 2 scrolls of fog {unknown}
 i - a scroll of magic mapping {unknown}
Comestibles
 d - a bread ration
 f - 5 chunks of flesh


   Skills:
 + Level 3.6 Fighting
   Level 1.0(1.2) Maces & Flails
 - Level 1.0(1.1) Staves
 - Level 3.2 Armour
 - Level 1.2 Stealth
   Level 2.6 Evocations


You had 2 spell levels left.
You didn't know any spells.

Dungeon Overview and Level Annotations

Branches:
Dungeon (2/15)

Altars:

Annotations:
D:2 Sigmund


Innate Abilities, Weirdness & Mutations

You are resistant to damage.
You can heal yourself by infusing magical energy.
You passively map a small area around you.
You do not regenerate.


Message History

A magic dart appears from out of thin air!
The magic dart hits you! Something hits you but does no damage.
You swing at nothing.
Something hits you but does no damage.
You are more poisoned.
You swing at nothing.
You closely miss something.
You feel less confused. Something hits you but does no damage.
You are more poisoned.
You completely miss something. Something hits you but does no damage.
You miss something. Something hits you.
You are lethally poisoned!
You miss something.
You feel sick. Something hits you but does no damage.
You sock something!
You feel very sick. Something hits you but does no damage.
You are more poisoned.
You closely miss something.
Your transformation is almost over.
You die...

###############
#.............#
#.###########.#
####* #.# #.#
#.... #.# #.#
#...., #.# #.#
#.....* #7# #.#
#.....###{#
##.####
#....@....#
#......
#.........#
#......
#.........#
#...... ,
..........#
#......
#####.....#
##+#### ###.#.#
#..... #.#.#* *
######


There were no monsters in sight!

Vanquished Creatures
  2 oozes (D:1)
  2 dart slugs (D:1)
  2 leopard geckos (D:1)
  4 bats (D:1)
  5 goblins
  5 hobgoblins
  6 kobolds (D:1)
  A quokka (D:2)
  4 rats
31 creatures vanquished.

Notes
Turn   | Place    | Note
-------+----------+-------------------------------------------
     0 | D:1      | Duffy the Deep Dwarf Wanderer began the quest for the Orb.
     0 | D:1      | Duffy set off with: a +2 quarterstaff, a +0 ring mail, a scroll of teleportation, a bread ration
     0 | D:1      | Reached XP level 1. HP: 19/19 MP: 2/2
    64 | D:1      | Reached XP level 2. HP: 27/27 MP: 4/4
   154 | D:1      | Reached XP level 3. HP: 34/34 MP: 5/5
   730 | D:2      | Noticed Sigmund
   768 | D:2      | HP: 2/51 [poisoned by Sigmund]
   769 | D:2      | Succumbed to Sigmund's poison

Vault maps used:
D:1:      dpeg_arrival_chase, serial_glass, glass_columns_a, glass_columns_a,
          glass_columns_a, glass_columns_a, glass_columns_a, glass_columns_a,
          glass_columns_a, glass_columns_b, glass_columns_c, glass_columns_b,
          glass_columns_a, glass_columns_a, glass_columns_a, glass_columns_a
D:2:      minmay_joined_circles, uniq_sigmund

Skill      XL: |  1  2 |
---------------+-------+-----
Fighting       | 2 3 |  3.6
Maces & Flails | |  1.0
Staves         | |  1.0
Armour         | |  3.2
Stealth        | |  1.2
Evocations     | |  2.6

Action                   || total
-------------------------++-------
Melee: Quarterstaff      ||    84
  Use: Potion            ||     2
 Stab: Sleeping          ||     1
Armor: Ring mail         ||    28
       Skin              ||    11
Dodge: Dodged            ||    36
